[Event "XVII Profigaia Open 2017"]
[Site "Gaia"]
[Date "2017.06.18"]
[Round "7"]
[White "Oliveira, Afonso Duarte Q"]
[Black "Coimbra, Joao Marcial Ferrei"]
[Result "0-1"]
[ECO "B10"]
[WhiteElo "1104"]
[BlackElo "1402"]
[Annotator "NA"]
[PlyCount "134"]
[EventDate "2017.??.??"]
[EventType "swiss"]
[EventCountry "POR"]
[SourceTitle "playchess.com"]
[Source "ChessBase"]
[SourceQuality "1"]
[TimeControl "5400+30"]

1. e4 c6 2. Nf3 d6 3. d4 Bg4 4. Nbd2 Qb6 5. c3 h6 6. h3 Bh5 7. Be2 e6 8. Nc4 Qc7 9. Bf4 b5 10. Ne3 Bg6 11. e5 d5 12. Nh4 Ne7 13. Nxg6 Nxg6 14. Bg3 Be7 15. f3 Qd8 16. O-O Nd7 17. Qe1 Bh4 18. Bxh4 Qxh4 19. Qxh4 Nxh4 20. b3 Ng6 21. c4 Nf4 22. Rfe1 b4 23. c5 Ke7 24. a3 Rhb8 25. Nc2 bxa3 26. Rxa3 a5 27. b4 Nxe2+ 28. Rxe2 Rb5 29. bxa5 Raxa5 30. Rxa5 Rxa5 31. Nb4 Nb8 32. Ra2 Rxa2 33. Nxa2 Na6 34. Kf2 Kd7 35. Ke3 Nc7 36. Nb4 Nb5 37. g4 Na3 38. Kf4 Nc4 39. g5 hxg5+ 40. Kxg5 Ne3 41. h4 Nf5 42. Nc2 Kc7 43. Kg4 Kb7 44. h5 Ka6 45. Kf4 Kb5 46. Na3+ Kb4 47. Nc2+ Kc3 48. Ne3 Nh6 49. Ng4 Kxd4 50. Nxh6 gxh6 51. Kg4 Kxe5 52. f4+ Kf6 53. Kf3 Kf5 54. Kg3 Ke4 55. Kg4 f5+ 56. Kg3 Kd4 57. Kf3 Kxc5 58. Ke3 Kc4 59. Ke2 Kc3 60. Kd1 d4 61. Ke2 Kc2 62. Ke1 c5 63. Ke2 c4 64. Ke1 c3 65. Ke2 d3+ 66. Ke1 d2+ 67. Ke2 d1=Q+ 0-1